SA
NIAGARA FALLS EXPOS @ GRIM REAPERS
07/12/2028
 
TOP OF THE 1ST
Niagara Falls Expos batting - Pitching for Grim Reapers : RHP Edward Scarborough
Pitching: RHP Edward Scarborough
Batting: RHB Ramón Soto 0-0: Hit by Pitch
Batting: RHB Corey Dudding 0-0: Ball
1-0: Ball
2-0: Foul Ball, location: 2F
2-1: SINGLE (Line Drive, 8RS)
Ramón Soto to second
Batting: RHB Hou Kong 0-0: Called Strike
0-1: Foul Ball, location: 2F
0-2: Fly out, F6 (Line Drive, 6)
Batting: RHB Gabe Cain 0-0: Ball
Throwing error on steal attempt, E2
Ramón Soto scores
Corey Dudding to third
1-0: Ball
2-0: SINGLE (Line Drive, 7S)
Corey Dudding scores
Batting: LHB Duk-yeo Chin 0-0: Called Strike
0-1: Ball
1-1: Foul Ball, location: 2F
1-2: Ball
2-2: SINGLE (Line Drive, 4M)
Gabe Cain to second
Batting: LHB Manuel Núñez 0-0: Ball
1-0: 3-RUN HOME RUN (Flyball, 9D), Distance : 393 ft
Batting: LHB Bartholomew Bailey 0-0: Called Strike
0-1: Swinging Strike
0-2: Ball
1-2: Ball
2-2: Ground out U3 (Groundball, 3S)
Batting: RHB Jaime Moya 0-0: Fly out, F9 (Flyball, 9LS)
Top of the 1st over - 5 run(s), 4 hit(s), 1 error(s), 0 left on base; Niagara Falls 5 - Grim 0
BOTTOM OF THE 1ST
Grim Reapers batting - Pitching for Niagara Falls Expos : LHP Mannus Dijkman
Pitching: LHP Mannus Dijkman
Batting: LHB Tung Ji 0-0: Foul Ball, location: 2F
0-1: Ball
1-1: Foul Ball, location: 2F
1-2: Reached on error, E4 (Groundball, 4)
Batting: SHB Cash Masters 0-0: Swinging Strike
0-1: Ball
1-1: Ball
2-1: Ball
3-1: Foul Ball, location: 2F
3-2: Foul Ball, location: 2F
3-2: Strikes out looking
Batting: RHB Ignacio Hernández 0-0: Ball
1-0: Foul Ball, location: 2F
1-1: Ball
2-1: Foul Ball, location: 2F
2-2: Ball
3-2: Foul Ball, location: 2F
3-2: Foul Ball, location: 2F
3-2: Base on Balls
Tung Ji to second
Batting: RHB Yoshi Kouda 0-0: Ball
1-0: Fly out, F8 (Flyball, 8RM)
Batting: RHB Lu-fang Koo 0-0: Ball
1-0: Foul Ball, location: 2F
1-1: Ball
2-1: Ball
3-1: Foul Ball, location: 2F
3-2: Foul Ball, location: 2F
3-2: Fly out, F7 (Flyball, 7)
Bottom of the 1st over - 0 run(s), 0 hit(s), 1 error(s), 2 left on base; Niagara Falls 5 - Grim 0
TOP OF THE 2ND
Niagara Falls Expos batting - Pitching for Grim Reapers : RHP Edward Scarborough
Batting: RHB Bogumil Tiwontschik 0-0: Fly out, F6 (Line Drive, 6)
Batting: RHB Ramón Soto 0-0: Ball
1-0: Foul Ball, location: 2F
1-1: Fly out, F8 (Line Drive, 8LM)
Batting: RHB Corey Dudding 0-0: Called Strike
0-1: Fly out, F8 (Flyball, 8LD)
Top of the 2nd over - 0 run(s), 0 hit(s), 0 error(s), 0 left on base; Niagara Falls 5 - Grim 0
BOTTOM OF THE 2ND
Grim Reapers batting - Pitching for Niagara Falls Expos : LHP Mannus Dijkman
Batting: RHB Luis Pagán 0-0: SINGLE (Line Drive, 56D)
Batting: RHB Lee Benjamin 0-0: Ball
1-0: Called Strike
1-1: Fly out, F3 (Line Drive, 3)
Lined into DP, U3 (Line Drive, 3)
Batting: RHB Qu-bing Thien 0-0: Ball
1-0: Ball
2-0: Called Strike
2-1: Ball
3-1: Base on Balls
Batting: RHB Bartolo Hernández 0-0: Ball
1-0: Ball
2-0: Ball
3-0: Base on Balls
Qu-bing Thien to second
Batting: LHB Tung Ji 0-0: Reached via error on a dropped throw, E1
Qu-bing Thien to third
Bartolo Hernández to second
Batting: SHB Cash Masters 0-0: Called Strike
0-1: Ball
1-1: Ball
2-1: Ball
3-1: Reached via error on a dropped throw, E4
Qu-bing Thien scores
Bartolo Hernández to third
Tung Ji to second
Batting: RHB Ignacio Hernández 0-0: SINGLE (Flyball, 78S)
Bartolo Hernández scores
Tung Ji to third
Cash Masters to second
Runner from 3rd tries for Home, SAFE, no throw
Batting: RHB Yoshi Kouda 0-0: Fly out, F8 (Flyball, 8RS)
Bottom of the 2nd over - 3 run(s), 2 hit(s), 2 error(s), 2 left on base; Niagara Falls 5 - Grim 3
TOP OF THE 3RD
Niagara Falls Expos batting - Pitching for Grim Reapers : RHP Edward Scarborough
Batting: RHB Hou Kong 0-0: Ground out 6-3 (Groundball, 6S)
Batting: RHB Gabe Cain 0-0: Swinging Strike
0-1: Foul Ball, location: 2F
0-2: Ball
1-2: Foul Ball, location: 2F
1-2: Fly out, F9 (Flyball, 89M)
Batting: LHB Duk-yeo Chin 0-0: DOUBLE (Line Drive, 78M)
Batting: LHB Manuel Núñez 0-0: Ball
1-0: Fly out, F7 (Flyball, 7)
Top of the 3rd over - 0 run(s), 1 hit(s), 0 error(s), 1 left on base; Niagara Falls 5 - Grim 3
BOTTOM OF THE 3RD
Grim Reapers batting - Pitching for Niagara Falls Expos : LHP Mannus Dijkman
Batting: RHB Lu-fang Koo 0-0: Ground out 5-3 (Groundball, 56S)
Batting: RHB Luis Pagán 0-0: Swinging Strike
0-1: Ball
1-1: Fly out, F9 (Flyball, 9S)
Batting: RHB Lee Benjamin 0-0: Fly out, F7 (Line Drive, 7)
Bottom of the 3rd over - 0 run(s), 0 hit(s), 0 error(s), 0 left on base; Niagara Falls 5 - Grim 3
TOP OF THE 4TH
Niagara Falls Expos batting - Pitching for Grim Reapers : RHP Edward Scarborough
Batting: LHB Bartholomew Bailey 0-0: Ball
1-0: Ball
2-0: DOUBLE (Line Drive, 7)
Batting: RHB Jaime Moya 0-0: Called Strike
0-1: Fly out, F9 (Flyball, 89S)
Batting: RHB Bogumil Tiwontschik 0-0: Ball
1-0: Ball
2-0: Fly out, F9 (Flyball, 9S)
Batting: RHB Ramón Soto 0-0: Foul Ball, location: 2F
0-1: Foul Ball, location: 2F
0-2: Strikes out swinging
Top of the 4th over - 0 run(s), 1 hit(s), 0 error(s), 1 left on base; Niagara Falls 5 - Grim 3
BOTTOM OF THE 4TH
Grim Reapers batting - Pitching for Niagara Falls Expos : LHP Mannus Dijkman
Batting: RHB Qu-bing Thien 0-0: Ball
1-0: Ball
2-0: Foul Ball, location: 2F
2-1: Ball
3-1: Foul Ball, location: 2F
3-2: Base on Balls
Batting: RHB Bartolo Hernández 0-0: Swinging Strike
0-1: Ball
1-1: Ball
2-1: Hit by Pitch
Qu-bing Thien to second
Batting: LHB Tung Ji 0-0: Called Strike
0-1: Ball
1-1: Foul Ball, location: 2F
1-2: Ball
2-2: Strikes out looking
Batting: SHB Cash Masters 0-0: Swinging Strike
0-1: Hit by Pitch
Qu-bing Thien to third
Bartolo Hernández to second
Batting: RHB Ignacio Hernández 0-0: Swinging Strike
0-1: Called Strike
0-2: Ball
1-2: Foul Ball, location: 2F
1-2: Ball
2-2: Ball
3-2: Foul Ball, location: 2F
3-2: Base on Balls
Qu-bing Thien scores
Bartolo Hernández to third
Cash Masters to second
Batting: RHB Yoshi Kouda 0-0: Ball
1-0: Ball
2-0: Fly out, F8 (Flyball, 8LM)
Throwing error, E8
Bartolo Hernández scores
Cash Masters to third
Ignacio Hernández to second
Batting: RHB Lu-fang Koo 0-0: Swinging Strike
0-1: Swinging Strike
0-2: Strikes out looking
Bottom of the 4th over - 2 run(s), 0 hit(s), 1 error(s), 2 left on base; Niagara Falls 5 - Grim 5
TOP OF THE 5TH
Niagara Falls Expos batting - Pitching for Grim Reapers : RHP Edward Scarborough
Batting: RHB Corey Dudding 0-0: Ball
1-0: Fly out, F8 (Flyball, 8RS)
Batting: RHB Hou Kong 0-0: Called Strike
0-1: Ball
1-1: Ball
2-1: Ball
3-1: Fly out, F8 (Flyball, 8RM)
Batting: RHB Gabe Cain 0-0: Ball
1-0: Foul Ball, location: 2F
1-1: Foul Ball, location: 2F
1-2: Strikes out swinging
Top of the 5th over - 0 run(s), 0 hit(s), 0 error(s), 0 left on base; Niagara Falls 5 - Grim 5
BOTTOM OF THE 5TH
Grim Reapers batting - Pitching for Niagara Falls Expos : LHP Mannus Dijkman
Pitching: RHP Benedicto Castellon
Batting: RHB Luis Pagán 0-0: Called Strike
0-1: Swinging Strike
0-2: Ball
1-2: Foul Ball, location: 2F
1-2: Foul Ball, location: 2F
1-2: Ball
2-2: Strikes out swinging
Batting: RHB Lee Benjamin 0-0: Ball
1-0: Ball
2-0: SINGLE (Groundball, 4MD)
Batting: RHB Qu-bing Thien 0-0: Ball
Lee Benjamin steals 2nd base
1-0: Intentional Walk
Batting: RHB Bartolo Hernández 0-0: Foul Ball, location: 2F
0-1: Foul Ball, location: 2F
0-2: Ball
1-2: SINGLE (Groundball, 6MD)
Lee Benjamin to third
Qu-bing Thien to second
Runner from 3rd tries for Home, SAFE, no throw
Batting: LHB Tung Ji 0-0: Ball
1-0: Swinging Strike
1-1: Called Strike
1-2: Ball
2-2: Strikes out swinging
Batting: SHB Cash Masters 0-0: Called Strike
0-1: Ball
1-1: TRIPLE (Flyball, 9)
Qu-bing Thien scores
Bartolo Hernández scores
Pitching: RHP Justin Broadfoot
Batting: RHB Ignacio Hernández 0-0: Ball
1-0: Ball
2-0: Ball
3-0: Foul Ball, location: 2F
3-1: Base on Balls
Batting: RHB Yoshi Kouda 0-0: Ball
1-0: Foul Ball, location: 2F
1-1: Ball
2-1: Swinging Strike
2-2: Fielders Choice at 2nd, 6-4 (Groundball, 6)
Bottom of the 5th over - 3 run(s), 3 hit(s), 0 error(s), 1 left on base; Niagara Falls 5 - Grim 8
TOP OF THE 6TH
Niagara Falls Expos batting - Pitching for Grim Reapers : RHP Edward Scarborough
Batting: LHB Duk-yeo Chin 0-0: TRIPLE (Flyball, 8RD)
Batting: LHB Manuel Núñez 0-0: Ball
1-0: Called Strike
1-1: 2-RUN HOME RUN (Flyball, 8RXD), Distance : 445 ft
Pitching: RHP Francisco Rivera
Batting: LHB Bartholomew Bailey 0-0: Foul Ball, location: 2F
0-1: SINGLE (Line Drive, 34D)
Pinch Runner at 1st Min-tae Yi:
Batting: RHB Jaime Moya 0-0: Called Strike
0-1: Sac Bunt - play at first, batter safe!
Min-tae Yi to second
Batting: RHB Bogumil Tiwontschik 0-0: Called Strike
Min-tae Yi is caught stealing 3rd base
Jaime Moya to second
0-1: 2-RUN HOME RUN (Flyball, 7D), Distance : 376 ft
Batting: RHB Ramón Soto 0-0: DOUBLE (Line Drive, 8LD)
Batting: RHB Corey Dudding 0-0: Called Strike
0-1: Foul Ball, location: 2F
0-2: Ball
1-2: Strikes out looking
Batting: RHB Hou Kong 0-0: Ball
1-0: Ball
2-0: Ball
3-0: Base on Balls
Batting: RHB Gabe Cain 0-0: Fly out, F7 (Line Drive, 7)
Top of the 6th over - 4 run(s), 6 hit(s), 0 error(s), 2 left on base; Niagara Falls 9 - Grim 8
BOTTOM OF THE 6TH
Grim Reapers batting - Pitching for Niagara Falls Expos : RHP Justin Broadfoot
Now at 2B: Fred Hulvey
Batting: RHB Lu-fang Koo 0-0: Ball
1-0: Foul Ball, location: 2F
1-1: Foul Ball, location: 2F
1-2: Foul Ball, location: 2F
1-2: Ball
2-2: Fly out, F8 (Flyball, 8RM)
Batting: RHB Luis Pagán 0-0: Called Strike
0-1: Fly out, F8 (Flyball, 89S)
Batting: RHB Lee Benjamin 0-0: Ball
1-0: Swinging Strike
1-1: Foul Ball, location: 2F
1-2: Ball
2-2: Strikes out swinging
Bottom of the 6th over - 0 run(s), 0 hit(s), 0 error(s), 0 left on base; Niagara Falls 9 - Grim 8
TOP OF THE 7TH
Niagara Falls Expos batting - Pitching for Grim Reapers : RHP Francisco Rivera
Batting: LHB Duk-yeo Chin 0-0: Called Strike
0-1: Ball
1-1: Ball
2-1: Ball
3-1: Called Strike
3-2: SINGLE (Flyball, 8RS)
Batting: LHB Manuel Núñez 0-0: Sac Bunt - play at first, batter OUT! 1-3
Duk-yeo Chin to second
Batting: RHB Fred Hulvey 0-0: Fly out, F8 (Flyball, 8LM)
Pinch Hitting: LHB Kalino Darri 0-0: Foul Ball, location: 2F
0-1: Foul Ball, location: 2F
0-2: Strikes out swinging
Top of the 7th over - 0 run(s), 1 hit(s), 0 error(s), 1 left on base; Niagara Falls 9 - Grim 8
BOTTOM OF THE 7TH
Grim Reapers batting - Pitching for Niagara Falls Expos : RHP Justin Broadfoot
Now in LF: Kalino Darri
Batting: RHB Qu-bing Thien 0-0: SINGLE (Flyball, 9LS)
Batting: RHB Bartolo Hernández 0-0: Ball
1-0: Called Strike
1-1: Bunted foul
1-2: Strikes out swinging
Pinch Hitting: LHB Dante Aristizabal 0-0: Foul Ball, location: 2F
0-1: Foul Ball, location: 2F
0-2: Ball
1-2: Ball
2-2: Foul Ball, location: 2F
2-2: Ball
3-2: Strikes out looking
Qu-bing Thien is caught stealing 2nd base
Batter strikes out.
Bottom of the 7th over - 0 run(s), 1 hit(s), 0 error(s), 0 left on base; Niagara Falls 9 - Grim 8
TOP OF THE 8TH
Niagara Falls Expos batting - Pitching for Grim Reapers : RHP Francisco Rivera
Now in LF: Dante Aristizabal
Batting: RHB Bogumil Tiwontschik 0-0: DOUBLE (Flyball, 78D)
Pinch Hitting: LHB Júlio Ibarra 0-0: Intentional Walk
Batting: RHB Corey Dudding 0-0: Foul Ball, location: 2F
0-1: Ball
1-1: Foul Ball, location: 2F
1-2: Grounds into double play, 5-4-3 (Groundball, 56)
Bogumil Tiwontschik to third
Batting: RHB Hou Kong 0-0: Ball
1-0: Ball
2-0: Fly out, F8 (Line Drive, 8LM)
Top of the 8th over - 0 run(s), 1 hit(s), 0 error(s), 1 left on base; Niagara Falls 9 - Grim 8
BOTTOM OF THE 8TH
Grim Reapers batting - Pitching for Niagara Falls Expos : RHP Justin Broadfoot
Pitching: RHP Montrell Baxa
Now in RF: Francisco Valentín
Batting: SHB Cash Masters 0-0: Called Strike
0-1: Swinging Strike
0-2: Strikes out swinging
Batting: RHB Ignacio Hernández 0-0: Foul Ball, location: 2F
0-1: Ball
1-1: Ball
2-1: Foul Ball, location: 2F
2-2: Strikes out swinging
Batting: RHB Yoshi Kouda 0-0: Ground out 1-3 (Groundball, 13S)
Bottom of the 8th over - 0 run(s), 0 hit(s), 0 error(s), 0 left on base; Niagara Falls 9 - Grim 8
TOP OF THE 9TH
Niagara Falls Expos batting - Pitching for Grim Reapers : RHP Francisco Rivera
Pitching: LHP Archie Erickson
Batting: RHB Gabe Cain 0-0: Fly out, F8 (Flyball, 78S)
Batting: LHB Duk-yeo Chin 0-0: SINGLE (Groundball, 4MD)
Batting: LHB Manuel Núñez 0-0: Ball
1-0: Ball
2-0: Foul Ball, location: 2F
2-1: Grounds into double play, 4-6-3 (Groundball, 34)
Top of the 9th over - 0 run(s), 1 hit(s), 0 error(s), 0 left on base; Niagara Falls 9 - Grim 8
BOTTOM OF THE 9TH
Grim Reapers batting - Pitching for Niagara Falls Expos : RHP Montrell Baxa
Pitching: RHP Jefferson Suhendro
Pinch Hitting: RHB Carlos Evangelho 0-0: Ground out 6-3 (Groundball, 6)
Pinch Hitting: RHB Milos Jaksch 0-0: Called Strike
0-1: Ball
1-1: Fly out, F4 (Line Drive, 4)
Batting: RHB Lee Benjamin 0-0: Single, Error in OF, E7, batter to second base
Pinch Hitting: LHB Florin Matei 0-0: Foul Ball, location: 2F
0-1: Ball
1-1: Foul Ball, location: 2F
1-2: Foul Ball, location: 2F
1-2: Foul Ball, location: 2F
1-2: Foul Ball, location: 2F
1-2: Foul Ball, location: 2F
1-2: Ball
2-2: Strikes out swinging
Bottom of the 9th over - 0 run(s), 1 hit(s), 1 error(s), 1 left on base; Niagara Falls 9 - Grim 8
Tuesday, August 15th, 2017 - OOTP Baseball 17.12 Build 75